AoeStats
← OffensiveMars

Arena

509384551Analyzed
3v3 RM · 5d ago on Sep 26, 2026· 47m 39s· 6 players
Game mode
Random Map
Map size
Normal (6 player)
Population
200
Speed
Normal
Resources
Standard
Victory
Conquest
Starting age
Dark Age
Ending age
Imperial Age
RankedLock teamsTeams togetherTeam positionsShared explorationLock speedFull tech treeHidden civsTurbo modeCheats
Victory
Defeat
🇺🇸 Goths · United States
1302
+11
🇺🇸 Persians · United States
1163
+16
🇺🇸 Berbers · United States
1162
+16
🇬🇧 Tupi · United Kingdom
1233
-16
🇺🇸 Chinese · United States
1204
-16
🇺🇸 Varangians · United States
1087
-11
onesecimpoopin
0:27 Loom
11:40 Feudal Age
12:38 Double-Bit Axe
15:09 Castle Age
13:16 Horse Collar
14:34 Wheelbarrow
23:53 Husbandry
24:18 Gold Mining
24:38 Fletching
25:27 Padded Archer Armor
26:20 Hand Cart
26:10 Town Watch
26:50 Leather Archer Armor
27:04 Ballistics
27:42 Bow Saw
28:02 Squires
27:47 Arson
31:00 Bodkin Arrow
31:51 Masonry
31:53 Forging
31:44 Scale Mail Armor
34:36 Imperial Age
32:13 Heavy Plow
32:58 Gold Shaft Mining
32:14 Stone Mining
33:57 Chain Mail Armor
35:56 Stone Shaft Mining
36:26 Two-Man Saw
36:29 Chemistry
36:00 Architecture
35:52 Conscription
35:09 Elite Chu Ko Nu
37:07 Thumb Ring
36:48 Elite Fire Lancer
37:45 Bracer
38:21 Ring Archer Armor
38:46 Plate Mail Armor
38:51 Iron Casting
44:44 Blast Furnace
43:50 Scale Barding Armor
43:35 Elite Skirmisher
OffensiveMars
0:28 Loom
10:31 Feudal Age
12:02 Wheelbarrow
11:11 Horse Collar
11:50 Double-Bit Axe
17:34 Castle Age
15:55 Fletching
16:46 Scale Mail Armor
20:23 Squires
20:09 Arson
20:58 Pikeman
25:29 Gambesons
30:52 Imperial Age
29:07 Heavy Plow
31:08 Chain Mail Armor
31:04 Forging
38:50 Plate Mail Armor
38:56 Iron Casting
37:47 Elite Varangian Guard
44:10 Blast Furnace
46:43 Gothikon
47:28 Elite Skirmisher
Calum1Ltv
5:54 Loom
8:09 Feudal Age
8:41 Double-Bit Axe
9:37 Fletching
22:06 Castle Age
23:24 Bow Saw
24:07 Town Watch
30:52 Wheelbarrow
32:15 Hand Cart
31:56 Gold Mining
31:46 Horse Collar
35:56 Imperial Age
33:34 Squires
33:21 Arson
33:33 Treadmill Crane
33:52 Bodkin Arrow
33:57 Padded Archer Armor
35:01 Forging
34:52 Scale Mail Armor
35:31 Gold Shaft Mining
34:57 Heavy Plow
35:34 Ballistics
36:45 Chain Mail Armor
37:36 Iron Casting
36:47 Heavy Scorpion
38:20 Plate Mail Armor
38:14 Bracer
42:36 Chemistry
43:17 Leather Archer Armor
43:49 Guard Tower
44:46 Ring Archer Armor
44:44 Caravan
45:14 Coinage
44:50 Champi Runner
45:15 Pikeman
46:08 Halberdier
47:44 Keep
47:06 Murder Holes
47:03 Champi Warrior
dubauc
10:57 Feudal Age
11:58 Double-Bit Axe
11:55 Horse Collar
14:43 Castle Age
14:27 Scale Barding Armor
15:04 Forging
25:31 Bloodlines
27:35 Iron Casting
32:03 Imperial Age
29:22 Loom
30:55 Gold Mining
32:06 Chain Barding Armor
33:07 Hoardings
32:53 Conscription
34:40 Cavalier
35:20 Husbandry
37:50 Fletching
39:10 Plate Barding Armor
42:08 Light Cavalry
43:08 Hussar
45:02 Blast Furnace
Witch
5:02 Loom
13:04 Feudal Age
14:15 Double-Bit Axe
16:45 Castle Age
14:37 Horse Collar
15:54 Fletching
23:00 Wheelbarrow
22:58 Bow Saw
24:10 Gold Mining
30:19 Hand Cart
31:29 Padded Archer Armor
35:23 Imperial Age
33:14 Bodkin Arrow
33:46 Stone Mining
34:42 Ballistics
36:38 Elite Camel Archer
38:00 Leather Archer Armor
38:23 Gold Shaft Mining
38:54 Conscription
39:24 Bracer
39:55 Ring Archer Armor
42:06 Town Watch
43:43 Chemistry
44:03 Maghrebi Camels
44:47 Hoardings
44:15 Kasbah
44:45 Husbandry
44:56 Bloodlines
44:49 Husbandry
44:10 Light Cavalry
44:37 Elite Genitour
46:28 Thumb Ring
47:11 Caravan
jmenz37
1:14 Loom
10:56 Feudal Age
11:07 Man-at-Arms
11:45 Double-Bit Axe
11:41 Horse Collar
13:19 Scale Mail Armor
18:52 Forging
25:55 Castle Age
24:04 Gold Mining
24:51 Stone Mining
26:11 Long Swordsman
26:52 Squires
26:55 Heavy Plow
27:06 Bow Saw
27:32 Chain Mail Armor
29:31 Wheelbarrow
30:26 Stone Shaft Mining
32:22 Hand Cart
33:48 Town Watch
35:00 Iron Casting
34:29 Padded Archer Armor
37:49 Imperial Age
36:38 Leather Archer Armor
37:27 Anarchy
37:23 Fletching
39:30 Chemistry
38:54 Ballistics
38:46 Masonry
38:32 Murder Holes
39:39 Conscription
40:41 Ring Archer Armor
40:40 Bodkin Arrow
41:40 Treadmill Crane
42:33 Elite Genitour
46:28 Two-Man Saw
45:39 Bracer
Connection lost

Rejoining the realm…

Still unreachable

The connection could not be restored.

Session expired

The server has moved on; the page needs a fresh start.